 Dungeon Crawl Stone Soup version 0.28-a0-1518-gbe868bca14 (webtiles) character file.

Game seed: 2465758626593394570

275 hashsling the Magician (level 6, -9/32 HPs)
             Began as a Deep Elf Conjurer on Jan 16, 2022.
             Mangled by Pikel (12 damage)
             ... on level 4 of the Dungeon.
             The game lasted 00:07:39 (3949 turns).

hashsling the Magician (Deep Elf Conjurer)          Turns: 3949, Time: 00:07:40

Health: -9/32      AC:  3    Str:  4    XL:     6   Next: 3%
Magic:  3/17       EV: 13    Int: 25    God:
Gold:   130        SH:  0    Dex: 13    Spells: 3/17 levels left

rFire   . . .      SeeInvis .   i - +1 whip (freeze)
rCold   . . .      Faith    .   (no shield)
rNeg    . . .      Spirit   .   m - +0 robe
rPois   .          Reflect  .   (no helmet)
rElec   .          Harm     .   (no cloak)
rCorr   .          Rampage  .   d - +0 pair of gloves
Will    .....                   (no boots)
Stlth   ++........              (no amulet)
HPRegen 0.10/turn               (no ring)
MPRegen 0.15/turn               (no ring)

@: no status effects
A: no striking features
a: no special abilities


You were on level 4 of the Dungeon.
You visited 1 branch of the dungeon, and saw 4 of its levels.

You collected 130 gold pieces.

Inventory:

Hand Weapons
 i - a +1 whip of freezing (weapon)
Armour
 d - a +0 pair of gloves (worn)
 m - a +0 robe (worn)
Scrolls
 a - 3 scrolls of identify {unknown}
 c - 3 scrolls of magic mapping {unknown}
 e - a scroll of teleportation {unknown}
 f - 2 scrolls of summoning {unknown}
 h - 2 scrolls of vulnerability {unknown}
 j - 2 scrolls of blinking {unknown}
 l - a scroll of holy word {unknown}
Potions
 b - a potion of heal wounds {unknown}
 g - a potion of ambrosia {unknown}
 k - a potion of magic {unknown}
 n - a potion of mutation {unknown}
 o - a potion of cancellation {unknown}


   Skills:
 + Level 4.2 Dodging
 - Level 3.0 Stealth
 * Level 6.0 Spellcasting
 + Level 5.5 Conjurations
 + Level 1.0 Hexes


You had 3 spell levels left.
You knew the following spells:

 Your Spells              Type           Power      Damage    Failure   Level
a - Magic Dart            Conj           100%       1d8       1%          1
b - Searing Ray           Conj           70%        2d7       1%          2
c - Dazzling Flash        Conj/Hex       46%        N/A       6%          3
d - Iskenderun's Mystic   Conj/Tloc      21%        2d6       24%         4
e - Fulminant Prism       Conj/Hex       11%        3d9       19%         4

Your spell library contained the following spells:

 Spells                   Type           Power      Damage    Failure   Level
 Ozocubu's Armour         Ice            7%         N/A       22%         3
 Ozocubu's Refrigeration  Ice            3%         4d5       100%        7


Dungeon Overview and Level Annotations

Branches:
Dungeon (4/15)
 Temple: D:4-7

Altars:
Elyvilon
Qazlal
Ru
Zin
The Shining One

Annotations:
D:4 Pikel


Message History

Your Spellcasting skill increases to level 6!
The magic dart hits the orc.
The orc is heavily wounded.
The orc shouts!
You hear a shout!
The magic dart hits the orc.
You kill the orc!
The orc throws a stone.
The stone hits you.
Your Hexes skill increases to level 1!
You are too depleted to draw on your mana recklessly!
An orc comes into view. It is wielding a +0 hand axe.
You see here an iguana corpse.
A kobold comes into view. It is wielding a +0 dagger.
Found 20 arrows.
The kobold shouts!
There is an open door here.
You closely miss Pikel.
Pikel shouts!
You hear a shout!
A lemure comes into view.
Pikel hits you with a +1 whip of flaming.
Pikel burns you.
You hear a shout!
Casting: Magic Dart (safe; 1% risk of failure)
Confirm with . or Enter, or press ? or * to list all spells.
You don't have enough magic to cast this spell.
The lemure shouts!
You hit the orc but do no damage. Pikel hits you but does no damage.
A lemure comes into view.
The orc hits you with a +0 hand axe.
You closely miss the orc.
Pikel hits you with a +1 whip of flaming.
Pikel burns you. The orc hits you but does no damage.
You closely miss the orc.
Pikel hits you with a +1 whip of flaming!
Pikel burns you.
* * * LOW HITPOINT WARNING * * *
The orc hits you with a +0 hand axe.
* * * LOW HITPOINT WARNING * * *
You barely miss the orc.
Pikel hits you with a +1 whip of flaming!
You die...

##h..[#########.
.....5#####...K...
..........5.......
###......##.#..h5#
#..###.# #.# #..#
#.# .5# #..# #.#
#.# #..# #.# #K#
#.. #.# #@# ...
... #o# #.#### #o#
. #....# #K# .(
#..(.# #.#
#.##....# #.#
#.......###.# #.
#)..K'...# ..
#.).o###........


You could see Pikel, 2 lemures, a hound, 2 orcs and a kobold.

Vanquished Creatures
  2 howler monkeys
  A hound (D:4)
  An iguana (D:4)
  A gnoll (D:2)
  4 adders
  An ufetubus (D:3)
  A dart slug (D:1)
  7 orcs
  9 ball pythons
  9 endoplasms
  A giant cockroach (D:2)
  7 goblins
  6 hobgoblins
  8 kobolds
  6 quokkas
  6 bats
  11 frilled lizards
  5 rats
86 creatures vanquished.

Vanquished Creatures (others)
  2 plants (D:2)
2 creatures vanquished.

Grand Total: 88 creatures vanquished

Notes
Turn   | Place    | Note
-------+----------+-------------------------------------------
     0 | D:1      | hashsling the Deep Elf Conjurer began the quest for the
                  | Orb.
     0 | D:1      | Reached XP level 1. HP: 10/10 MP: 6/6
     1 | D:1      | Found a sacrificial altar of Ru.
   154 | D:1      | Reached XP level 2. HP: 15/15 MP: 2/8
   231 | D:1      | Learned a level 2 spell: Searing Ray
   893 | D:1      | Reached XP level 3. HP: 19/19 MP: 8/10
   897 | D:1      | Learned a level 3 spell: Dazzling Flash
  1629 | D:2      | Reached skill level 4 in Spellcasting
  2095 | D:2      | Reached XP level 4. HP: 24/24 MP: 8/12
  2105 | D:2      | Learned a level 4 spell: Iskenderun's Mystic Blast
  2171 | D:2      | Reached skill level 5 in Conjurations
  3053 | D:3      | Reached skill level 5 in Spellcasting
  3053 | D:3      | Reached XP level 5. HP: 28/28 MP: 7/14
  3266 | D:3      | Found a glowing silver altar of Zin.
  3267 | D:3      | Found a glowing golden altar of the Shining One.
  3268 | D:3      | Found a white marble altar of Elyvilon.
  3357 | D:3      | Found a stormy altar of Qazlal.
  3726 | D:4      | Noticed a lemure
  3728 | D:4      | Noticed Pikel
  3728 | D:4      | Noticed a lemure
  3742 | D:3      | Learned a level 4 spell: Fulminant Prism
  3916 | D:4      | Reached XP level 6. HP: 32/32 MP: 5/16
  3928 | D:4      | Reached skill level 6 in Spellcasting
  3930 | D:4      | Reached skill level 1 in Hexes
  3949 | D:4      | Mangled by Pikel

Illustrated notes

Levels and vault maps discovered:
D:1:      sevenhm_arrival_forest_fort_small_6, layout_basic, minmay_tetromino_s2
D:2:      minmay_inner_zag, layout_loops_ring, chequers_big_river,
          minmay_3d_cube
D:3:      layout_loops_ring, good_gods_temple_1,
          nicolae_qazlal_general_emergency
D:4:      layout_basic, minmay_diced_spiral, uniq_pikel

Skill      XL: |  1  2  3  4  5  6 |
---------------+-------------------+-----
Stealth        | 3 |  3.0
Dodging        | 3 4 |  4.2
Spellcasting   | 4 5 6 |  6.0
Conjurations   | 5 |  5.5
Hexes          | 1 |  1.0

Action                   |  1- 3 |  4- 6 || total
-------------------------+-------+-------++-------
Melee: Short sword       |     1 |       ||     1
       Whip              |       |     6 ||     6
 Cast: Magic Dart        |    78 |    77 ||   155
       Searing Ray       |       |     1 ||     1
 Stab: Sleeping          |     1 |       ||     1
Armor: Robe              |     3 |     3 ||     6
Dodge: Dodged            |     4 |     1 ||     5

Table legend: (Time is in decaauts)
 A = Elapsed time spent in this place.
 B = Non-inter-level travel time spent in this place.
 C = Inter-level travel time spent in this place.
 D = Time resting spent in this place.
 E = Time spent auto-exploring this place.
 F = Levels seen in this place.
 G = Mean time per level.
                   A        B        C        D        E       F      G
               +--------+--------+--------+--------+--------+-----+--------+
         Total |   3962 |   3850 |    112 |      0 |   3380 |   4 |  990.5 |
       Dungeon |   3962 |   3850 |    112 |      0 |   3380 |   4 |  990.5 |
               +--------+--------+--------+--------+--------+-----+--------+

Top non-repeatable levels by time:
     D:1: 1534 daAuts
     D:2: 1344 daAuts
     D:3: 859 daAuts
     D:4: 223 daAuts
